[Event "Titled Tuesday Blitz April 26 Early 2022"]
[White "Guseva, Marina"]
[Black "Hartikainen, Jarmo"]
[WhiteFideId "4149351"]
[BlackFideId "503134"]
[WhiteElo "2071"]
[BlackElo "2117"]
[Result "1-0"]
[Round "05"]
[TimeControl "180+1"]
[Date "2022.04.26"]
[WhiteClock "0:00:08"]
[BlackClock "0:00:04"]

1. d4 Nf6 2. Nf3 g6 3. Bf4 d6 4. e3 Bg7 5. Be2 O-O 6. O-O Nbd7 7. h3 Re8 8. Bh2 c6 9. a4 a5 10. Nbd2 b6 11. Nc4 Bb7 12. c3 Ne4 13. Qc2 Ndf6 14. Ne1 d5 15. Ne5 Nd7 16. N1d3 Nxe5 17. Nxe5 c5 18. Bb5 Rf8 19. Nd7 Re8 20. Ne5 Rf8 21. Rfd1 Nd6 22. dxc5 Nxb5 23. axb5 bxc5 24. Nc6 Bxc6 25. bxc6 e5 26. e4 d4 27. cxd4 cxd4 28. c7 Qd6 29. Rac1 Rfc8 30. Qc6 Qxc6 31. Rxc6 Ra7 32. Rdc1 a4 33. f4 f6 34. fxe5 fxe5 35. Bg3 g5 36. Be1 Bf8 37. Bd2 h6 38. Kf1 a3 39. bxa3 Rxa3 40. Ke2 Ra2 41. R1c4 Ra7 42. Kd3 Be7 43. Ke2 Kf7 44. Kf3 Ke8 45. Kg4 Kd7 46. Kh5 Rcxc7 47. Rxc7+ Rxc7 48. Rxc7+ Kxc7 49. Kxh6 d3 50. Kg6 Kd6 51. Kf5 Bd8 52. g3 Be7 53. Kg4 Ke6 54. h4 gxh4 55. gxh4 Kf7 56. h5 Kg7 57. Kf5 Bd6 58. Ke6 Bb8 59. Kd5 Kf6 60. Kc4 Bc7 61. Kxd3 Bd6 62. Kc4 Bf8 63. Kd5 Bg7 64. Bc3 Kg5 65. Bxe5 Bh6 66. Bd4 Kxh5 67. e5 Bf4 68. e6 Bg5 69. Kd6 Kg6 70. Kd7 Kf5 71. Bc5 Bf6 72. Be7 Bc3 73. Bh4 Bb4 74. Bg3 Kf6 75. Bd6 Bxd6 76. Kxd6 Kf5 77. Kd7 Ke4 78. e7 Kd5 79. e8=Q Kc5 80. Qg6 Kd5 81. Qg4 Ke5 82. Qf3 Kd4 83. Ke6 Kc5 84. Qd3 Kc6 85. Qc4+ Kb6 86. Kd7 Ka5 87. Qb3 Ka6 88. Kc7 Ka5 89. Kc6 Ka6 90. Qb6# 1-0


[Site "https://www.chess.com"]

[Event "Titled Tuesday Blitz April 26 Early 2022"]
[White "Harikrishna, Pentala"]
[Black "Martic, Ivan"]
[WhiteFideId "5007003"]
[BlackFideId "929301"]
[WhiteElo "2574"]
[BlackElo "2317"]
[Result "1-0"]
[Round "05"]
[TimeControl "180+1"]
[Date "2022.04.26"]
[WhiteClock "0:01:46"]
[BlackClock "0:01:33"]

1. d4 Nf6 2. c4 g6 3. Nc3 Bg7 4. e4 d6 5. Nf3 O-O 6. Be2 e5 7. Be3 c6 8. O-O Nbd7 9. d5 Ng4 10. Bg5 f6 11. dxc6 bxc6 12. Qxd6 Nxf2 13. Be3 Ng4 14. Qe6+ Rf7 15. Qxg4 f5 16. exf5 gxf5 17. Qh4 Bf6 18. Qh5 f4 19. Bf2 Nf8 20. Ne4 Ng6 21. Rad1 Qe8 22. Nd6 1-0


[Site "https://www.chess.com"]

[Event "Titled Tuesday Blitz April 26 Early 2022"]
[White "Harshavardhan G B"]
[Black "Skliarov, Viktor"]
[WhiteFideId "25059009"]
[BlackFideId "14106736"]
[WhiteElo "1831"]
[BlackElo "2229"]
[Result "1-0"]
[Round "05"]
[TimeControl "180+1"]
[Date "2022.04.26"]
[WhiteClock "0:01:08"]
[BlackClock "0:00:03"]

1. d4 Nf6 2. c4 e6 3. Nc3 Bb4 4. f3 c5 5. d5 d6 6. e4 b5 7. Ne2 O-O 8. Ng3 exd5 9. cxd5 a6 10. Be2 Nbd7 11. O-O Re8 12. a4 bxa4 13. Kh1 a3 14. Qc2 axb2 15. Bxb2 Ne5 16. Nd1 a5 17. Bb5 Bd7 18. Bxd7 Nfxd7 19. Ne3 f6 20. f4 Ng6 21. Nc4 Nb6 22. Ne3 a4 23. Nef5 a3 24. Bc1 Qd7 25. Nh5 Qa4 26. Qd3 Ra7 27. Nxd6 Rd8 28. Nf5 c4 29. Qg3 c3 30. Be3 Ba5 31. e5 Qe4 32. Nfxg7 Nxd5 33. Bxa7 c2 34. Ne6 Bd2 35. Nxd8 c1=Q 36. Raxc1 Bxc1 37. Rxc1 a2 38. Qb3 Qb1 39. Rxb1 axb1=Q+ 40. Qxb1 1-0


[Site "https://www.chess.com"]

[Event "Titled Tuesday Blitz April 26 Early 2022"]
[White "Hasangatin, Ramil"]
[Black "Costachi, Mihnea"]
[WhiteFideId "4122160"]
[BlackFideId "1217518"]
[WhiteElo "2375"]
[BlackElo "2476"]
[Result "1-0"]
[Round "05"]
[TimeControl "180+1"]
[Date "2022.04.26"]
[WhiteClock "0:00:15"]
[BlackClock "0:00:21"]

1. e4 e5 2. Nf3 Nf6 3. d3 Nc6 4. c3 d5 5. Nbd2 Be6 6. Be2 h6 7. b4 a6 8. a3 Qd7 9. O-O Be7 10. Qc2 O-O 11. Bb2 Rfd8 12. Rfe1 b5 13. exd5 Nxd5 14. Bf1 Nf4 15. Ne4 Bg4 16. Bc1 Bxf3 17. gxf3 Qf5 18. Be3 Nh3+ 19. Kg2 Bh4 20. Ng3 Nf4+ 21. Bxf4 Qxf4 22. Re4 Qf6 23. Rae1 Bg5 24. Qe2 Bf4 25. Kh1 g6 26. Bg2 h5 27. Qc2 a5 28. Ne2 axb4 29. Nxf4 exf4 30. axb4 Kg7 31. d4 Rd5 32. Qd2 g5 33. h4 Rg8 34. hxg5 Rxg5 35. Qxf4 Qg6 36. Bh3 Kh7 37. Qh2 Nd8 38. f4 Rd5 39. f5 Qg5 40. Qf4 Qxf4 41. Rxf4 Nc6 42. Rfe4 Rd6 43. Kh2 Nb8 44. f4 Nd7 45. Re7 Rg7 46. Rg1 Rxg1 47. Kxg1 Kg7 48. f6+ Nxf6 49. Rxc7 Nd5 50. Rc5 Nxf4 51. Bf1 Rg6+ 52. Kh2 h4 53. Rxb5 Rg3 54. Rf5 Rf3 55. Bc4 Rf2+ 56. Kh1 h3 57. b5 h2 58. b6 Kg6 59. Rxf4 Rb2 60. Bd3+ Kg5 61. Rf5+ Kg4 62. Rb5 Rd2 63. b7 Kh3 64. Rh5+ Kg4 65. b8=Q Kxh5 66. Qxh2+ Rxh2+ 67. Kxh2 Kg4 68. Kg2 Kf4 69. Kf2 f5 70. Bc2 Kg5 71. Kf3 Kf6 72. Bd3 Ke6 73. Kf4 Kd5 74. Kxf5 1-0


[Site "https://www.chess.com"]

[Event "Titled Tuesday Blitz April 26 Early 2022"]
[White "Haukenfrers, Dale"]
[Black "Matamoros Franco, Carlos S."]
[WhiteFideId "2603780"]
[BlackFideId "3600017"]
[WhiteElo "2050"]
[BlackElo "2554"]
[Result "0-1"]
[Round "05"]
[TimeControl "180+1"]
[Date "2022.04.26"]
[WhiteClock "0:00:29"]
[BlackClock "0:00:19"]

1. f3 e5 2. c3 d5 3. e4 c6 4. Qc2 Nf6 5. d4 Nbd7 6. Be3 Bd6 7. Bd3 O-O 8. Ne2 Re8 9. O-O h6 10. Kh1 c5 11. dxe5 Nxe5 12. Bb5 Bd7 13. Bxd7 Qxd7 14. Nd2 dxe4 15. Nxe4 Nxe4 16. Qxe4 Ng6 17. Qd3 Qe6 18. Rae1 Qxe3 19. Qxd6 Rad8 20. Qc7 Rd2 21. Qxb7 Rxe2 22. Rxe2 Qxe2 23. Rg1 Qe7 24. Qc6 Rd8 25. b4 cxb4 26. cxb4 Qxb4 27. a4 Qb6 28. Qc3 Qd4 29. Qc7 Rd7 30. Qb8+ Kh7 31. a5 Nf4 32. a6 Nd3 33. g4 Nf4 34. Qb1+ g6 35. h4 Qe3 36. Rg3 Qe2 37. h5 Rd1+ 38. Qxd1 Qxd1+ 39. Kh2 Qe2+ 40. Kg1 Qe1+ 41. Kh2 Qf2+ 42. Kh1 Qxg3 43. hxg6+ Kxg6 44. g5 Qg2# 0-1


[Site "https://www.chess.com"]

[Event "Titled Tuesday Blitz April 26 Early 2022"]
[White "Hernandez Bermudez, Ulises Eduardo"]
[Black "Laohawirapap, Prin"]
[WhiteFideId "3902510"]
[BlackFideId "6205003"]
[WhiteElo "2056"]
[BlackElo "1832"]
[Result "0-1"]
[Round "05"]
[TimeControl "180+1"]
[Date "2022.04.26"]
[WhiteClock "0:01:15"]
[BlackClock "0:01:50"]

1. e4 c5 2. c3 Nf6 3. e5 Nd5 4. d4 cxd4 5. Qxd4 e6 6. Nf3 Nc6 7. Qe4 f5 8. Qe2 b5 9. g3 Rb8 10. Bg2 Be7 11. O-O O-O 12. Rd1 a5 13. Nbd2 Qb6 14. Nb3 Ba6 15. Nbd4 Nxd4 16. Nxd4 b4 17. c4 Rfc8 18. Nxf5 Bxc4 19. Nxe7+ Nxe7 20. Qe3 Qxe3 21. Bxe3 Bd5 22. Bf1 Rc2 23. Bd4 Nc6 24. b3 Nxd4 25. Rxd4 Rf8 26. f4 Rfc8 27. f5 Rb2 28. fxe6 dxe6 29. Bc4 Rg2+ 30. Kf1 Rf8+ 31. Ke1 Bxc4 32. bxc4 Rg1+ 0-1


[Site "https://www.chess.com"]

[Event "Titled Tuesday Blitz April 26 Early 2022"]
[White "Hnydiuk, Aleksander"]
[Black "Xu, Yi"]
[WhiteFideId "1109057"]
[BlackFideId "8605564"]
[WhiteElo "2374"]
[BlackElo "2471"]
[Result "1-0"]
[Round "05"]
[TimeControl "180+1"]
[Date "2022.04.26"]
[WhiteClock "0:01:00"]
[BlackClock "0:00:10"]

1. d4 Nf6 2. c4 e6 3. Nc3 Bb4 4. Qc2 d5 5. a3 Bxc3+ 6. Qxc3 b6 7. Bg5 dxc4 8. e3 Bb7 9. Nf3 h6 10. Bh4 Nbd7 11. Bxc4 O-O 12. O-O c5 13. dxc5 Nxc5 14. Rfd1 Qe7 15. Ne5 g5 16. Bg3 Nce4 17. Qb3 Rfd8 18. f3 Nxg3 19. hxg3 Qc5 20. Qc3 Nd5 21. Bxd5 Qxc3 22. bxc3 Bxd5 23. Rd4 f6 24. Ng4 Kg7 25. Rad1 Re8 26. e4 Bc6 27. Rd6 Rac8 28. e5 fxe5 29. Nxe5 1-0


[Site "https://www.chess.com"]

[Event "Titled Tuesday Blitz April 26 Early 2022"]
[White "Hoffmann, Asa"]
[Black "Dobre, Claudiu-Cristian"]
[WhiteFideId "2001470"]
[BlackFideId "1211854"]
[WhiteElo "2117"]
[BlackElo "2207"]
[Result "1-0"]
[Round "05"]
[TimeControl "180+1"]
[Date "2022.04.26"]
[WhiteClock "0:00:18"]
[BlackClock "0:00:01"]

1. d4 d5 2. Bg5 c6 3. e3 h6 4. Bh4 Qb6 5. b3 e5 6. Nf3 Bg4 7. dxe5 Bxf3 8. Qxf3 Qb4+ 9. Nd2 Qxh4 10. c4 dxc4 11. Bxc4 Qe7 12. Ne4 Qb4+ 13. Kf1 Nd7 14. Qxf7+ Kd8 15. Rd1 Qe7 16. Nd6 Nxe5 17. Nf5+ Kc7 18. Nxe7 Nxf7 19. Ng6 Ne7 20. Bxf7 Nxg6 21. Bxg6 Bc5 22. Ke2 Rad8 23. e4 Rxd1 24. Rxd1 Rf8 25. f3 Bd6 26. g3 Rf6 27. Bf5 g6 28. Bh3 g5 29. Bg2 Rf8 30. Rd3 Be5 31. Bf1 b5 32. Ke3 a5 33. Rd2 Rf7 34. Bd3 Bd6 35. Bc2 Be5 36. Rf2 Bd6 37. Rf1 c5 38. f4 c4 39. e5 Bxe5 40. bxc4 bxc4 41. Ke4 Bd6 42. f5 Re7+ 43. Kd5 Be5 44. f6 Re8 45. f7 Rf8 46. Kxe5 1-0


[Site "https://www.chess.com"]

[Event "Titled Tuesday Blitz April 26 Early 2022"]
[White "Ianov, Viktor"]
[Black "Atakhan, Abtin"]
[WhiteFideId "14102730"]
[BlackFideId "22502203"]
[WhiteElo "2161"]
[BlackElo "2094"]
[Result "1-0"]
[Round "05"]
[TimeControl "180+1"]
[Date "2022.04.26"]
[WhiteClock "0:00:26"]
[BlackClock "0:00:04"]

1. Nf3 Nf6 2. g3 g6 3. b3 Bg7 4. Bb2 O-O 5. Bg2 d5 6. c4 e6 7. O-O b6 8. d4 Bb7 9. Ne5 Nbd7 10. Nc3 a6 11. Rc1 Rc8 12. cxd5 exd5 13. Nd3 Re8 14. e3 Ne4 15. Nf4 Nxc3 16. Bxc3 Nf6 17. b4 Ne4 18. Qb3 Qd7 19. Rfd1 c6 20. Bb2 Nd6 21. Nd3 Nc4 22. a4 Re7 23. a5 b5 24. Nc5 Qe8 25. Bc3 Rd8 26. Qc2 Bc8 27. Bf1 Bh6 28. Re1 Rd6 29. Bd3 Bh3 30. Nxa6 Rf6 31. Nc5 Nxe3 32. fxe3 Rxe3 33. Bd2 Rxg3+ 34. hxg3 Qb8 35. Kh2 Rf2+ 36. Kxh3 Rxd2 37. Qb1 Qc8+ 38. Bf5 gxf5 39. Re5 Rf2 40. Rce1 Kg7 41. Qd3 f6 42. Re7+ Kg6 43. Ne6 Qg8 44. Rf1 Kh5 45. Rxf2 Qg4+ 46. Kg2 1-0


[Site "https://www.chess.com"]

[Event "Titled Tuesday Blitz April 26 Early 2022"]
[White "Itkis, Boris"]
[Black "Omariev, Maksim"]
[WhiteFideId "1209167"]
[BlackFideId "4193423"]
[WhiteElo "2207"]
[BlackElo "2493"]
[Result "0-1"]
[Round "05"]
[TimeControl "180+1"]
[Date "2022.04.26"]
[WhiteClock "0:00:07"]
[BlackClock "0:01:23"]

1. b3 e5 2. Bb2 Nc6 3. Nf3 e4 4. Nd4 Nxd4 5. Bxd4 d5 6. e3 Nf6 7. Bb2 Bd6 8. c4 O-O 9. Nc3 c6 10. Be2 Be6 11. O-O a6 12. d4 Rc8 13. Rc1 Bb8 14. cxd5 Bxd5 15. g3 Re8 16. Bc4 h5 17. Bxd5 cxd5 18. Ne2 h4 19. Nf4 Qd7 20. Nh5 Nh7 21. Qe2 Ng5 22. Rxc8 Rxc8 23. Rc1 Rxc1+ 24. Bxc1 Qh3 25. Qf1 Nf3+ 26. Kh1 Qxf1# 0-1


[Site "https://www.chess.com"]

[Event "Titled Tuesday Blitz April 26 Early 2022"]
[White "Janaszak, Dawid"]
[Black "Atanejhad, Sahebali"]
[WhiteFideId "1119206"]
[BlackFideId "12506664"]
[WhiteElo "2199"]
[BlackElo "1953"]
[Result "1-0"]
[Round "05"]
[TimeControl "180+1"]
[Date "2022.04.26"]
[WhiteClock "0:00:20"]
[BlackClock "0:00:01"]

1. e4 c5 2. Nc3 g6 3. Bc4 e6 4. d4 Bg7 5. Nb5 d5 6. exd5 exd5 7. Bxd5 Qa5+ 8. Nc3 cxd4 9. Qf3 Be6 10. Bxe6 fxe6 11. Qxb7 dxc3 12. b4 Qe5+ 13. Ne2 Ne7 14. Qxa8 Nc6 15. Bf4 Qd5 16. Bxb8 Qd2+ 17. Kf1 O-O 18. Qxc6 Rxb8 19. Qxe6+ Kh8 20. Qe4 Rf8 21. h4 h5 22. Rh3 Rd8 23. Rd3 Rxd3 24. Qxd3 Bh6 25. Qxd2 1-0


[Site "https://www.chess.com"]

[Event "Titled Tuesday Blitz April 26 Early 2022"]
[White "Jaracz, Pawel"]
[Black "Banusz, Tamas"]
[WhiteFideId "1102222"]
[BlackFideId "722413"]
[WhiteElo "2429"]
[BlackElo "2602"]
[Result "1-0"]
[Round "05"]
[TimeControl "180+1"]
[Date "2022.04.26"]
[WhiteClock "0:00:13"]
[BlackClock "0:00:15"]

1. e4 e5 2. Nf3 Nc6 3. Bb5 a6 4. Ba4 Nf6 5. O-O Be7 6. Re1 b5 7. Bb3 d6 8. c3 O-O 9. h3 Na5 10. Bc2 c5 11. d4 Nd7 12. Nbd2 exd4 13. cxd4 Nc6 14. a4 Rb8 15. axb5 axb5 16. d5 Nb4 17. Nb3 Bf6 18. Bf4 Qb6 19. Qc1 Bb7 20. Bg5 Ra8 21. Rxa8 Rxa8 22. Bxf6 Nxf6 23. Bb1 Re8 24. Qd2 g6 25. Qf4 Qd8 26. g4 Qe7 27. Qh6 Nd7 28. Ng5 Nf8 29. Re3 f6 30. Nf3 Nd7 31. g5 Ne5 32. Nbd2 Nxf3+ 33. Nxf3 Qg7 34. Qh4 f5 35. exf5 Rxe3 36. f6 Qf7 37. fxe3 Qxd5 38. Qh6 Qxf3 39. Qg7# 1-0


[Site "https://www.chess.com"]

[Event "Titled Tuesday Blitz April 26 Early 2022"]
[White "Jarocka, Liwia"]
[Black "Cunha, Lucas Aguiar"]
[WhiteFideId "21807558"]
[BlackFideId "2125404"]
[WhiteElo "1896"]
[BlackElo "2361"]
[Result "1-0"]
[Round "05"]
[TimeControl "180+1"]
[Date "2022.04.26"]
[WhiteClock "0:00:23"]
[BlackClock "0:00:24"]

1. e4 c5 2. Nf3 e6 3. c4 d6 4. d4 cxd4 5. Nxd4 a6 6. Nc3 Nf6 7. Bd3 Be7 8. O-O O-O 9. Be3 b6 10. f4 Qc7 11. Kh1 Bb7 12. Rc1 Re8 13. b3 Nbd7 14. Bb1 Rac8 15. Qe2 Qb8 16. f5 Bf8 17. Bg5 h6 18. Bxf6 Nxf6 19. fxe6 fxe6 20. Rxf6 gxf6 21. Qg4+ Kh8 22. Nxe6 Bc6 23. Nxf8 Rxf8 24. Qg6 Rc7 25. Rf1 Rg7 26. Qxh6+ Kg8 27. Nd5 Bxd5 28. exd5 Qe8 29. Bf5 Qe2 30. Be6+ Rff7 31. Rg1 Qe5 32. h3 Kf8 33. Bxf7 Kxf7 34. Qd2 Rg3 35. Qf2 Re3 36. Rf1 b5 37. Qf4 Qc3 38. Rf3 Rxf3 39. Qxf3 Qc1+ 40. Kh2 bxc4 41. Qh5+ Kg7 42. Qg4+ Kh6 43. Qxc4 Qe3 44. Qh4+ Kg7 45. Qg3+ 1-0


[Site "https://www.chess.com"]

[Event "Titled Tuesday Blitz April 26 Early 2022"]
[White "Jaskolka, Tomasz"]
[Black "Pesotskiy, Mikhail"]
[WhiteFideId "1170791"]
[BlackFideId "34164453"]
[WhiteElo "2073"]
[BlackElo "2010"]
[Result "1-0"]
[Round "05"]
[TimeControl "180+1"]
[Date "2022.04.26"]
[WhiteClock "0:00:32"]
[BlackClock "0:00:15"]

1. d4 Nf6 2. Bf4 e6 3. e3 c5 4. c3 Nc6 5. Nd2 b6 6. Ngf3 Bb7 7. Bd3 Be7 8. Qe2 Nh5 9. Bg3 d5 10. O-O-O Qd7 11. Bb5 Nxg3 12. hxg3 Bf6 13. dxc5 bxc5 14. Ne4 Be7 15. Neg5 Bxg5 16. Nxg5 a6 17. Ba4 f6 18. Qh5+ g6 19. Qxg6+ hxg6 20. Rxh8+ Ke7 21. Rh7+ Kd6 22. Ne4+ Kc7 23. Rxd7+ Kxd7 24. Nxc5+ Kc8 25. Nxe6 Ne7 26. Nc5 Kc7 27. Nxb7 Kxb7 28. e4 Rd8 29. exd5 Rxd5 30. Rxd5 Nxd5 31. Bc2 g5 32. Be4 Kc6 33. c4 1-0


[Site "https://www.chess.com"]

[Event "Titled Tuesday Blitz April 26 Early 2022"]
[White "Johnson, Ben"]
[Black "Avazkhonov, Alikhon"]
[WhiteFideId "2010917"]
[BlackFideId "14208504"]
[WhiteElo "2174"]
[BlackElo "1739"]
[Result "1-0"]
[Round "05"]
[TimeControl "180+1"]
[Date "2022.04.26"]
[WhiteClock "0:00:18"]
[BlackClock "0:00:02"]

1. Nf3 d5 2. e3 c6 3. c4 e6 4. b3 Nf6 5. Bb2 Bd6 6. Nc3 O-O 7. Qc2 Nbd7 8. d4 Qe7 9. Bd3 dxc4 10. bxc4 e5 11. O-O Re8 12. Ne4 Nxe4 13. Bxe4 g6 14. dxe5 Nxe5 15. Nxe5 Bxe5 16. Bxe5 Qxe5 17. Bf3 Bf5 18. Qb3 Qc7 19. c5 Rad8 20. Rfd1 Rxd1+ 21. Rxd1 h5 22. Qa4 a6 23. Qd4 Qa5 24. a4 Bc2 25. Qd7 Rf8 26. Rc1 Bxa4 27. Qxb7 Qb5 28. Qd7 Qb2 29. Rf1 Bb5 30. Rd1 Ba4 31. Qd2 Qxd2 32. Rxd2 Rb8 33. g3 Rb1+ 34. Kg2 Bb5 35. Rd6 Bf1+ 36. Kg1 Bh3+ 37. Rd1 Rxd1+ 38. Bxd1 Be6 39. Bf3 Bd7 40. Kf1 a5 41. Ke2 a4 42. Kd3 Kf8 43. Kc3 Ke7 44. Kb4 Ke6 45. Kxa4 Ke5 46. Ka5 f5 47. Kb6 1-0


[Site "https://www.chess.com"]

[Event "Titled Tuesday Blitz April 26 Early 2022"]
[White "Jones, Daniel"]
[Black "Winkels, Marcel"]
[WhiteFideId "2019655"]
[BlackFideId "1003887"]
[WhiteElo "2313"]
[BlackElo "1900"]
[Result "0-1"]
[Round "05"]
[TimeControl "180+1"]
[Date "2022.04.26"]
[WhiteClock "0:00:18"]
[BlackClock "0:00:16"]

1. e4 c5 2. d4 cxd4 3. c3 d5 4. e5 dxc3 5. Nxc3 Nc6 6. f4 e6 7. Nf3 Nh6 8. Bd3 Bc5 9. Qe2 O-O 10. Ng5 Nf5 11. Qh5 h6 12. g4 Nfd4 13. h4 f5 14. exf6 Rxf6 15. Be3 Bd7 16. O-O-O Be8 17. Bh7+ Kh8 18. Bxd4 Bxh5 19. Bxc5 hxg5 20. hxg5 Bxg4 21. Bg6+ Kg8 22. Bh7+ Kf7 23. gxf6 Qxf6 24. Rdg1 Bf5 25. Bxf5 Qxf5 26. Bd6 Nd4 27. Kd2 Nf3+ 28. Ke3 Nxg1 29. Rxg1 d4+ 30. Kxd4 Rd8 31. Ne4 Kg8 32. Ke3 Rxd6 33. Nxd6 Qc5+ 34. Kf3 Qxg1 35. Ne4 Qb1 36. Ke3 Qxb2 37. Nd2 Qxa2 38. Nf3 Qb3+ 39. Ke4 Qc4+ 40. Nd4 a5 41. Ke3 a4 42. Ne2 a3 43. Nd4 a2 44. f5 a1=Q 45. Nxe6 Qxe6+ 46. fxe6 Qe5+ 47. Kd3 Qxe6 48. Kd4 g5 49. Kc5 g4 50. Kd4 g3 51. Kd3 g2 52. Kc3 g1=Q 53. Kd3 Qgb6 54. Kc3 Qbc6+ 55. Kd4 Qcd5+ 56. Kc3 Qec6+ 57. Kb4 Qdb5+ 58. Ka3 Qca6# 0-1


[Site "https://www.chess.com"]

[Event "Titled Tuesday Blitz April 26 Early 2022"]
[White "Jumabayev, Rinat"]
[Black "Aradhya, Garg"]
[WhiteFideId "13702661"]
[BlackFideId "25006746"]
[WhiteElo "2561"]
[BlackElo "2169"]
[Result "0-1"]
[Round "05"]
[TimeControl "180+1"]
[Date "2022.04.26"]
[WhiteClock "0:00:01"]
[BlackClock "0:00:19"]

1. d4 d5 2. c4 c6 3. Nf3 Nf6 4. Qc2 g6 5. e3 Bg7 6. Be2 O-O 7. O-O c5 8. cxd5 cxd4 9. Nxd4 Nxd5 10. Rd1 Nc6 11. Nxc6 bxc6 12. Qxc6 Be6 13. Nc3 Nxc3 14. Rxd8 Nxe2+ 15. Kf1 Rfxd8 16. Kxe2 Rac8 17. Qa4 Rc4 18. Qa5 Rc2+ 19. Kf3 Rd1 20. Qxa7 Rf1 21. e4 h5 22. Qb8+ Kh7 23. Be3 Rxa1 24. h3 Rxb2 25. Qc7 Raxa2 26. Qxe7 Bh6 27. g4 Bxe3 28. Kxe3 Re2+ 29. Kd4 hxg4 30. hxg4 Ra4+ 31. Kc3 Rc4+ 32. Kd3 Rcxe4 33. Qf6 Bc4+ 34. Kc3 Bd5 0-1


[Site "https://www.chess.com"]

[Event "Titled Tuesday Blitz April 26 Early 2022"]
[White "Kadam, Om Manish"]
[Black "Salimova, Nurgyul"]
[WhiteFideId "45076294"]
[BlackFideId "2915138"]
[WhiteElo "1729"]
[BlackElo "2185"]
[Result "0-1"]
[Round "05"]
[TimeControl "180+1"]
[Date "2022.04.26"]
[WhiteClock "0:00:21"]
[BlackClock "0:00:05"]

1. e4 c6 2. c4 d5 3. exd5 cxd5 4. cxd5 Nf6 5. Nc3 Nxd5 6. Nf3 g6 7. Qb3 Nb6 8. a4 Bg7 9. Bb5+ Nc6 10. a5 Nd7 11. Qa4 O-O 12. d4 Nxd4 13. Nxd4 Nc5 14. Qc4 Qxd4 15. Be3 Qxc4 16. Bxc4 Be6 17. Be2 Nb3 18. Ra3 Nd4 19. Bd3 Rfd8 20. Be4 Bf5 21. O-O Ne2+ 22. Nxe2 Bxe4 23. Nc3 Bc6 24. f3 a6 25. Kf2 Rd3 26. Rd1 Rad8 27. Rxd3 Rxd3 28. Ke2 Rd7 29. Rb3 Bf6 30. g3 h5 31. h4 Kg7 32. Ne4 Bxe4 33. fxe4 Be5 34. Kf3 e6 35. Rb4 Kf6 36. Rb6 Ke7 37. b4 Kd8 38. b5 axb5 39. Rxb5 Bd6 40. Bd4 Kc8 41. Be3 Bb8 42. Rc5+ Rc7 43. Rb5 Rc6 44. Kf2 Bc7 45. Bd2 Rc2 46. Ke1 Bxg3+ 47. Ke2 Rc6 48. Bg5 Bc7 49. e5 Ra6 50. Bd2 Rc6 51. Kd3 Ra6 52. Bc3 Bd8 53. Rc5+ Rc6 54. Rb5 Bxh4 55. Bd4 Bd8 56. Bc3 Bc7 57. Rb1 Rc5 58. Rf1 Bxa5 59. Bd4 Rd5 60. Ke4 Rd7 61. Ra1 Bc7 62. Ra8+ Bb8 63. Bc5 Kc7 64. Bd6+ Kc6 65. Rxb8 b5 66. Rc8+ Kb6 67. Rb8+ Ka5 68. Kd4 Ka4 69. Kc3 b4+ 70. Rxb4+ Ka5 71. Rc4 Kb5 72. Rb4+ Kc6 73. Rc4+ Kd5 74. Rd4+ Kc6 75. Kd3 g5 76. Ke3 h4 77. Kf3 f5 78. exf6 Rxd6 79. f7 Rxd4 80. f8=Q Rf4+ 81. Qxf4 gxf4 0-1


[Site "https://www.chess.com"]

[Event "Titled Tuesday Blitz April 26 Early 2022"]
[White "Kaminski, Victor"]
[Black "Ambartsumova, Karina"]
[WhiteFideId "1131630"]
[BlackFideId "4166299"]
[WhiteElo "2181"]
[BlackElo "2262"]
[Result "0-1"]
[Round "05"]
[TimeControl "180+1"]
[Date "2022.04.26"]
[WhiteClock "0:00:02"]
[BlackClock "0:00:19"]

1. e4 e5 2. Nf3 Nc6 3. Bb5 a6 4. Ba4 Nf6 5. O-O Be7 6. d3 d6 7. c3 O-O 8. Nbd2 b5 9. Bc2 Re8 10. Re1 Bf8 11. Nf1 h6 12. Ng3 g6 13. d4 Bg7 14. d5 Ne7 15. a4 Bb7 16. Qe2 c6 17. dxc6 Bxc6 18. Rd1 Qc7 19. h4 h5 20. Bg5 Rad8 21. Nd2 d5 22. Qf3 Ng4 23. axb5 axb5 24. exd5 Bxd5 25. Be4 Be6 26. Ngf1 f6 27. Be3 f5 28. Bc2 e4 29. Qe2 Nd5 30. Ra7 Qb8 31. Rxg7+ Kxg7 32. Bd4+ Kh7 33. f3 Nf4 34. Qe1 exf3 35. Nxf3 Bc4 36. Ng5+ Kg8 37. Qg3 Ne2+ 38. Kh1 Nxg3+ 39. Nxg3 Qxg3 0-1


[Site "https://www.chess.com"]

[Event "Titled Tuesday Blitz April 26 Early 2022"]
[White "Kejzar, Petra"]
[Black "Matveeva, Olga"]
[WhiteFideId "14610213"]
[BlackFideId "24107018"]
[WhiteElo "2003"]
[BlackElo "2083"]
[Result "0-1"]
[Round "05"]
[TimeControl "180+1"]
[Date "2022.04.26"]
[WhiteClock "0:01:04"]
[BlackClock "0:02:21"]

1. Nf3 Nf6 2. c4 e6 3. Nc3 d5 4. cxd5 exd5 5. d4 Be7 6. Bg5 O-O 7. e3 c6 8. Bd3 Bg4 9. Bc2 Bh5 10. O-O Nbd7 11. Rb1 a5 12. a3 Re8 13. b4 axb4 14. axb4 b5 15. Bf5 Bg6 16. Bxd7 Nxd7 17. Bxe7 Qxe7 18. Ra1 Nb6 19. Rxa8 Rxa8 20. Ne5 Qxb4 21. Ne2 Qd6 22. Nf4 Nc4 23. Nexg6 hxg6 24. h4 b4 25. h5 gxh5 26. Qxh5 b3 27. Nh3 b2 28. Ng5 Qg6 29. Qg4 b1=Q 0-1


[Site "https://www.chess.com"]

[Event "Titled Tuesday Blitz April 26 Early 2022"]
[White "Kim, Sergey"]
[Black "Stelmaszyk, Nico"]
[WhiteFideId "13700570"]
[BlackFideId "16200462"]
[WhiteElo "2552"]
[BlackElo "2119"]
[Result "0-1"]
[Round "05"]
[TimeControl "180+1"]
[Date "2022.04.26"]
[WhiteClock "0:01:25"]
[BlackClock "0:01:21"]

1. d4 d5 2. c4 c6 3. Nf3 Nf6 4. e3 Bg4 5. Nbd2 e6 6. Be2 Be7 7. O-O O-O 8. b3 Nbd7 9. Bb2 Re8 10. h3 Bxf3 11. Nxf3 Ne4 12. a3 Bf6 13. Ne5 Bxe5 14. dxe5 Qc7 15. f4 Ng3 16. Rf3 Nxe2+ 17. Qxe2 dxc4 18. Qxc4 Nb6 19. Qe2 Rad8 20. Rg3 Qd7 21. Bd4 Nd5 22. Qg4 g6 23. Kh2 b6 24. b4 Ne7 25. Rf3 Nf5 26. Bc3 Qd3 27. Re1 Qxc3 28. Rff1 Nxe3 29. Qh4 Nxf1+ 0-1


[Site "https://www.chess.com"]

[Event "Titled Tuesday Blitz April 26 Early 2022"]
[White "Kollars, Dmitrij"]
[Black "Yang, Kaiqi"]
[WhiteFideId "12909572"]
[BlackFideId "8604398"]
[WhiteElo "2584"]
[BlackElo "2373"]
[Result "0-1"]
[Round "05"]
[TimeControl "180+1"]
[Date "2022.04.26"]
[WhiteClock "0:00:31"]
[BlackClock "0:01:13"]

1. d4 e6 2. e4 d5 3. Nd2 Nf6 4. e5 Nfd7 5. Bd3 c5 6. c3 Nc6 7. Ne2 cxd4 8. cxd4 f6 9. exf6 Nxf6 10. Nf3 Bd6 11. O-O Qc7 12. Bg5 O-O 13. Rc1 Bd7 14. Bh4 Nh5 15. Bg3 Nxg3 16. hxg3 Rf6 17. Qd2 Be8 18. Qe3 Bh5 19. Nc3 Bxf3 20. gxf3 Bxg3 21. Nb5 Qb8 22. Rc3 Bf4 23. Qe2 a6 24. Na3 Nxd4 25. Qd1 Qe8 26. Kg2 Rg6+ 0-1


[Site "https://www.chess.com"]

[Event "Titled Tuesday Blitz April 26 Early 2022"]
[White "Korchmar, Vasiliy"]
[Black "Subelj, Jan"]
[WhiteFideId "24131750"]
[BlackFideId "14618583"]
[WhiteElo "2370"]
[BlackElo "2306"]
[Result "0-1"]
[Round "05"]
[TimeControl "180+1"]
[Date "2022.04.26"]
[WhiteClock "0:00:01"]
[BlackClock "0:00:08"]

1. e4 c5 2. Nf3 Nc6 3. d4 cxd4 4. Nxd4 Nf6 5. Nc3 e5 6. Ndb5 d6 7. Nd5 Nxd5 8. exd5 Nb8 9. a4 Nd7 10. Be2 Nf6 11. O-O h5 12. Be3 a6 13. Na3 Ng4 14. Bd2 Be7 15. Nc4 Bf5 16. a5 Rc8 17. h3 Nf6 18. Be3 Be4 19. Nb6 Rxc2 20. Bd3 Bxd3 21. Qxd3 Rxb2 22. Rfc1 O-O 23. Rc8 Qxc8 24. Nxc8 Rxc8 25. Rb1 Rcc2 26. Rxb2 Rxb2 27. Qc4 Rb5 28. Bg5 Rc5 29. Qb3 Rb5 30. Qc2 Nxd5 31. Qc8+ Bf8 32. Bd8 Rb1+ 33. Kh2 Rb5 34. g4 hxg4 35. hxg4 Rb2 36. g5 Rxf2+ 37. Kg3 Rb2 38. g6 Rb3+ 39. Kf2 Rb2+ 40. Ke1 Rb1+ 41. Kd2 Rb2+ 42. Kc1 Rb5 43. gxf7+ Kxf7 44. Qd7+ Be7 45. Qf5+ Ke8 46. Bxe7 Nxe7 0-1


[Site "https://www.chess.com"]